 Dungeon Crawl Stone Soup version 0.21.1-1-g345015f (webtiles) character file.

1271 inc the Nimble (level 8, -5/31 HPs)
             Began as a Felid Ice Elementalist on Mar 3, 2018.
             Was a Priest of Wu Jian.
             Slain by an orc warrior
             ... wielding a +0 glaive
              (12 damage)
             ... on level 5 of the Dungeon.
             The game lasted 00:23:43 (10703 turns).

inc the Nimble (Felid Ice Elementalist)            Turns: 10703, Time: 00:23:44

Health: -5/31      AC:  8    Str:  4    XL:     8   Next: 28%
Magic:  21/21      EV: 25    Int: 18    God:    Wu Jian [***...]
Gold:   500        SH:  0    Dex: 17    Spells: 7/11 levels left
                                        Lives:  0   Deaths: 2

rFire    . . .     SeeInvis +     - Unarmed
rCold    + . .     Gourm    .   (shield unavailable)
rNeg     . . .     Faith    +   (armour unavailable)
rPois    +         Spirit   .   (helmet unavailable)
rElec    .         Reflect  .   (cloak unavailable)
rCorr    .         Harm     .   (gloves unavailable)
MR       +....     Clarity  +   (boots unavailable)
Stlth    ++++......             s - amulet of faith
HPRegen  0.10/turn              y - ring of magical power
MPRegen  0.17/turn              h - ring of poison resistance

@: icy armour, quick
A: very small, no armour, no weapons or thrown items, stealth, claws 1, fangs 3,
horns 1, see invisible, carnivore, clarity, cold resistance 1, speed 1, shaggy
fur 2, slow metabolism 1, sharp paws
a: Wall Jump, Serpent's Lash, Renounce Religion


You were on level 5 of the Dungeon.
You worshipped Wu Jian.
Wu Jian was most pleased with you.
You were not hungry.

You visited 1 branch of the dungeon, and saw 9 of its levels.

You collected 500 gold pieces.

Inventory:

Jewellery
 h - a ring of poison resistance (right paw)
 s - an amulet of faith (around neck)
 t - an uncursed ring of teleportation
 y - a ring of magical power (left paw)
 C - a +4 ring of intelligence {unknown}
 E - a cursed ring of loudness {unknown}
Wands
 j - a wand of polymorph (43)
 o - a wand of scattershot (5)
Scrolls
 d - a scroll of enchant armour {unknown}
 e - 4 scrolls of magic mapping
 i - 4 scrolls of remove curse
 k - 3 scrolls of amnesia
 m - 7 scrolls of teleportation {unknown}
 q - a scroll of random uselessness {unknown}
 v - a scroll of fog {unknown}
 w - 2 scrolls of fear
 x - a scroll of immolation {unknown}
 B - 3 scrolls of identify
 D - a scroll of enchant weapon {unknown}
Potions
 c - a potion of invisibility
 f - 3 potions of haste
 g - 2 potions of curing
 l - a potion of might
 n - 3 potions of brilliance
 p - 2 potions of flight
 r - a potion of cancellation {unknown}
 u - 2 potions of lignification
 z - a potion of berserk rage
 A - a potion of resistance {unknown}
Books
 a - a book of Frost

   Spells                             Type                      Level
   a - Freeze                         Ice                          1
   b - Throw Frost                    Conjuration/Ice              2
   c - Ozocubu's Armour               Charms/Ice                   3
   d - Throw Icicle                   Conjuration/Ice              4
   e - Summon Ice Beast               Ice/Summoning                4
Comestibles
 b - 9 rations


   Skills:
 - Level 9.2 Dodging
 + Level 7.8 Stealth
 - Level 8.3 Unarmed Combat
 - Level 2.0 Spellcasting
   Level 0.8 Conjurations
 - Level 3.1 Charms
 - Level 4.1 Ice Magic


You had 7 spell levels left.
You knew the following spells:

 Your Spells              Type           Power        Failure   Level  Hunger
a - Freeze                Ice            ###.         3%          1    #......
b - Ozocubu's Armour      Chrm/Ice       ##......     12%         3    ###....


Dungeon Overview and Level Annotations

Branches:
Dungeon (9/15)             Temple (0/1) D:4
   Lair: D:8-11         Orc: D:9-12

Altars:
Ashenzari
Cheibriados
Dithmenos
Elyvilon
Fedhas
Gozag
Kikubaaqudgha
Makhleb
Nemelex Xobeh
Ru
Uskayaw
Wu Jian
The Shining One

Shops:
D:8 %   D:9 (

Annotations:
D:5 inc's ghost, amateur FeIE


Innate Abilities, Weirdness & Mutations

You cannot wear armour.
You are incapable of wielding weapons or throwing items.
Your paws allow you to move quietly. (Stealth)
You have sharp claws.
You have razor-sharp teeth.
You have supernaturally acute eyesight. (SInv)
You are carnivorous and can eat meat at any time.
You cover ground quickly.
You are covered in thick fur. (AC +2)
You have a slow metabolism.
Your sharp claws are effective at attacking unaware monsters.
You have a pair of small horns on your head.
You possess an exceptional clarity of mind.
Your flesh is cold resistant. (rC+)


Message History

You claw the orc wizard!
You kill the orc wizard!
The Council accepts your kill. The orc warrior completely misses you.
Things that are here:
a dagger; a robe; an orc corpse
There is an open door here.
You lunge at the orc warrior.
You claw the orc warrior!
The orc warrior is moderately wounded.
The orc warrior misses you.
You barely miss the orc warrior.
The orc warrior is moderately wounded.
You scratch the orc warrior but do no damage.
Your headbutt misses the orc warrior.
The orc warrior is moderately wounded.
The orc warrior hits you with a +0 glaive!!
Ouch! That really hurt!
* * * LOW HITPOINT WARNING * * *
The orc warrior hits you from afar with a +0 glaive!
You die...

##..##..... #..######. #.
#..######. ##.#
##......... ...
##...######. #.#
##.....####.. ######.###
##....[.......
.........###...)##.....##
#....@.o')..)# #.####.
##....###....# ## #..
###.#.# ##..)# #..#
#>.#..# ##......(...
#.#.#.# #..#....#8
#.###.# ##.#.8... #.# #.#
#.# ..## ... ..# #.# ##(.
#.. .. .# #


You could see an orc warrior.

Vanquished Creatures
  A hungry ghost (D:8)
  A sky beast (D:9)
  2 phantoms
  A black bear (D:8)
  2 centaurs
  3 ogres
  A big kobold (D:7)
  7 bullfrogs
  A scorpion (D:4)
  3 howler monkeys
  A jelly (D:8)
  4 crimson imps
  2 orc priests
  5 hounds
  5 orc wizards
  4 iguanas
  Ijyb (D:3)
  6 worker ants
  2 hound skeletons
  A howler monkey skeleton (D:7)
  11 adders
  An adder skeleton (D:7)
  An adder zombie (D:6)
  3 worms
  2 dart slugs
  5 leopard geckos
  20 orcs
  A ball python (D:4)
  7 giant cockroaches
  5 goblins
  3 hobgoblins
  5 jackals
  3 quokkas
  6 bats
  6 frilled lizards
  9 kobolds
  A quokka zombie (D:5)
  8 rats
150 creatures vanquished.

Notes
Turn   | Place    | Note
-------+----------+-------------------------------------------
     0 | D:1      | inc the Felid Ice Elementalist began the quest for the Orb.
     0 | D:1      | Reached XP level 1. HP: 7/7 MP: 4/4
   275 | D:1      | Reached XP level 2. HP: 11/11 MP: 6/6
   952 | D:2      | Reached XP level 3. HP: 9/14 MP: 1/7
  1293 | D:2      | Found an ornate altar of the Wu Jian Council.
  1367 | D:2      | Became a worshipper of the Wu Jian Council
  1372 | D:2      | Learned a level 3 spell: Ozocubu's Armour
  1534 | D:2      | Reached skill level 1 in Charms
  1755 | D:2      | Reached XP level 4. HP: 14/18 MP: 0/8
  1907 | D:2      | Found an ornate altar of the Wu Jian Council.
  2423 | D:3      | Gained mutation: Your body sometimes deteriorates upon taking damage. [potion of mutation]
  2423 | D:3      | Gained mutation: Your muscles are strong. (Str +2) [potion of mutation]
  2423 | D:3      | Gained mutation: You are somewhat resistant to further mutation. [potion of mutation]
  2431 | D:3      | Noticed Ijyb
  2594 | D:3      | Reached skill level 1 in Unarmed Combat
  2838 | D:3      | Found a hide-covered altar of Uskayaw.
  2848 | D:3      | Reached XP level 5. HP: 21/21 MP: 5/9
  3026 | D:3      | Killed Ijyb
  3402 | D:4      | Gained mutation: You are covered in thick fur. (AC +2) [Felid growth]
  3402 | D:4      | Reached XP level 6. HP: 24/24 MP: 6/10
  3809 | D:4      | Reached skill level 5 in Stealth
  3849 | D:5      | Entered Level 5 of the Dungeon
  4187 | D:5      | Reached * piety under Wu Jian
  4207 | D:5      | Found a sacrificial altar of Ru.
  4428 | D:5      | Noticed an orc warrior
  4653 | D:4      | Reached XP level 7. HP: 27/27 MP: 4/11
  4667 | D:4      | Lost mutation: You are somewhat resistant to further mutation. [potion of mutation]
  4667 | D:4      | Lost mutation: Your muscles are strong. (Str +2) [potion of mutation]
  4667 | D:4      | Lost mutation: Your body sometimes deteriorates upon taking damage. [potion of mutation]
  4667 | D:4      | Gained mutation: You possess an exceptional clarity of mind. [potion of mutation]
  4667 | D:4      | Gained mutation: Your flesh is cold resistant. (rC+) [potion of mutation]
  4667 | D:4      | Gained mutation: You have a pair of small horns on your head. [potion of mutation]
  4793 | D:4      | Found a staircase to the Ecumenical Temple.
  5520 | D:5      | Reached skill level 5 in Unarmed Combat
  5557 | D:5      | Found a blossoming altar of Fedhas.
  5560 | D:5      | Found an ancient bone altar of Kikubaaqudgha.
  5646 | D:5      | Noticed inc's ghost (amateur FeIE)
  5725 | D:6      | Found a blossoming altar of Fedhas.
  5776 | D:6      | Reached XP level 8. HP: 12/31 MP: 0/12
  6078 | D:5      | Slain by an orc warrior
  6079 | D:5      | Reached XP level 7. HP: -1/27 MP: 1/11
  7064 | D:7      | Reached ** piety under Wu Jian
  7132 | D:7      | Found a snail-covered altar of Cheibriados.
  7246 | D:7      | Found a glowing golden altar of the Shining One.
  7343 | D:7      | Found an opulent altar of Gozag.
  7345 | D:7      | Reached skill level 3 in Dodging
  7345 | D:7      | Reached XP level 8. HP: 31/31 MP: 12/12
  7412 | D:7      | Found a burning altar of Makhleb.
  7689 | D:8      | Found a shadowy altar of Dithmenos.
  7711 | D:8      | Reached skill level 5 in Dodging
  8146 | D:8      | Reached skill level 6 in Dodging
  8377 | D:8      | Found Suintemn's Food Emporium.
  8530 | D:8      | Reached skill level 7 in Dodging
  8661 | D:8      | Noticed a hippogriff
  8663 | D:8      | Noticed an elephant
  8673 | D:8      | Reached *** piety under Wu Jian
  8673 | D:8      | Reached skill level 8 in Dodging
  8685 | D:7      | Found a white marble altar of Elyvilon.
  8860 | D:8      | Slain by an elephant
  8861 | D:8      | Reached XP level 7. HP: -2/27 MP: 19/20
  8994 | D:9      | Found Ikaukh's Weapon Shop.
  9022 | D:9      | Reached XP level 8. HP: 31/31 MP: 12/12
  9036 | D:9      | Reached skill level 9 in Dodging
  9050 | D:9      | Found a shattered altar of Ashenzari.
  9100 | D:9      | Noticed a two-headed ogre
  9468 | D:9      | HP: 1/31 [two-headed ogre/giant spiked club (18)]
  9793 | D:8      | Found a sparkling altar of Nemelex Xobeh.
 10703 | D:5      | Slain by an orc warrior

Skill      XL: |  1  2  3  4  5  6  7  8 |
---------------+-------------------------+-----
Ice Magic      | 3 4 |  4.1
Charms         | 2 3 |  3.1
Unarmed Combat | 1 3 8 |  8.3
Stealth        | 3 7 |  7.8
Dodging        | 3 9 |  9.2
Spellcasting   | |  2.0
Conjurations   | |  0.8

Action                   |  1- 3 |  4- 6 |  7- 9 || total
-------------------------+-------+-------+-------++-------
Melee: Unarmed           |    28 |    38 |   324 ||   390
       Punch             |       |     1 |    11 ||    12
       Bite              |       |     1 |    24 ||    25
       Headbutt          |       |       |    42 ||    42
 Cast: Freeze            |    47 |    72 |    81 ||   200
       Ozocubu's Armour  |     1 |     7 |    22 ||    30
Invok: Lunge             |     6 |    23 |    42 ||    71
       Whirlwind         |       |       |   107 ||   107
       Wall Jump         |       |       |    12 ||    12
  Use: Scroll            |       |    10 |     3 ||    13
       Potion            |       |     1 |     2 ||     3
 Stab: Sleeping          |     8 |    14 |    15 ||    37
       Distracted        |       |       |     3 ||     3
  Eat: Chunk             |     1 |     6 |    10 ||    17
       Ration            |       |     1 |     3 ||     4
Armor: Skin              |     8 |     8 |    54 ||    70
Dodge: Dodged            |    47 |    58 |   282 ||   387
